| TOP OF THE 1ST |
|
Fresno Grizzlies batting - Pitching for Scranton WB RailRiders : RHP Jason Sterner
|
|
Pitching: RHP Jason Sterner
|
|
|
Batting: RHB Bruce Bermudez
|
0-0: Ball 1-0: Ball 2-0: Foul Ball, location: 2F 2-1: Foul Ball, location: 2F 2-2: Ground out 6-3 (Groundball, 6, EV 88.8 MPH)
|
|
Batting: LHB Chris Cabrera
|
0-0: Ball 1-0: Fly out, F8 (Flyball, 8LM, EV 85.6 MPH)
|
|
Batting: RHB Etsuro Hosokawa
|
0-0: Foul Ball, location: 2F 0-1: Ball 1-1: Called Strike 1-2: Ground out 4-3 (Groundball, 4, EV 82.5 MPH)
|
| Top of the 1st over - 0 runs, 0 hits, 0 errors, 0 left on base; Fresno 0 - Scranton WB 0 |
| BOTTOM OF THE 1ST |
|
Scranton WB RailRiders batting - Pitching for Fresno Grizzlies : RHP Muckle Wildriver
|
|
Pitching: RHP Muckle Wildriver
|
|
|
Batting: SHB Jay Gagnon
|
0-0: Called Strike 0-1: Ball 1-1: Ball 2-1: Called Strike 2-2: Strikes out swinging
|
|
Batting: RHB Andy Wasierski
|
0-0: Ball 1-0: Called Strike 1-1: Ball 2-1: Foul Ball, location: 2F 2-2: Foul Ball, location: 2F 2-2: Ball 3-2: Base on Balls
|
|
Batting: SHB Victor Ruiz
|
0-0: DOUBLE (Flyball, 8LD, EV 93.8 MPH) Andy Wasierski to third
|
|
Batting: LHB Aaron Joyner
|
0-0: Fly out, F7 (Flyball, 78D, EV 110.0 MPH) Runner from 3rd tags up, OUT at HOME! 7-2
|
| Bottom of the 1st over - 0 runs, 1 hit, 0 errors, 1 left on base; Fresno 0 - Scranton WB 0 |
| TOP OF THE 2ND |
|
Fresno Grizzlies batting - Pitching for Scranton WB RailRiders : RHP Jason Sterner
|
|
Batting: RHB Ramon Castellon
|
0-0: Swinging Strike 0-1: Ball 1-1: Hit by Pitch
|
|
Batting: LHB Danny Wolver
|
0-0: Called Strike 0-1: Called Strike 0-2: SINGLE (Groundball, 34S, EV 81.2 MPH) (infield hit) Ramon Castellon to second
|
|
Batting: LHB Mark Dearth
|
0-0: Called Strike 0-1: Foul Ball, location: 2F 0-2: Strikes out looking
|
|
Batting: LHB Bob Govella
|
0-0: Ball 1-0: Fielders Choice at 2nd, 4-6 (Groundball, 4, EV 88.8 MPH) Ramon Castellon to third
|
|
Batting: RHB Cameron Rattenbury
|
0-0: Fly out, F7 (Flyball, 7S, EV 90.0 MPH)
|
| Top of the 2nd over - 0 runs, 1 hit, 0 errors, 2 left on base; Fresno 0 - Scranton WB 0 |
| BOTTOM OF THE 2ND |
|
Scranton WB RailRiders batting - Pitching for Fresno Grizzlies : RHP Muckle Wildriver
|
|
Batting: RHB Devon Utley
|
0-0: Ball 1-0: Ball 2-0: Called Strike 2-1: Ball 3-1: Swinging Strike 3-2: Foul Ball, location: 2F 3-2: Base on Balls
|
|
Batting: SHB Joe Fure
|
0-0: Fly out, F7 (Flyball, 78D, EV 89.4 MPH) Runner from 1st tags up, SAFE at 2nd
|
|
Batting: RHB Mike Gifford
|
0-0: Called Strike 0-1: Foul Ball, location: 2F 0-2: Ground out 1-5-3 (Groundball, 15S, EV 105.0 MPH) Devon Utley to third
|
|
Batting: RHB Josh Zoglmann
|
0-0: Ball 1-0: Ball 2-0: Ball 3-0: Called Strike 3-1: Base on Balls
|
|
Batting: RHB Mike Plugge
|
0-0: Called Strike 0-1: Ball 1-1: Foul Ball, location: 2F 1-2: Fly out, F9 (Flyball, 9D, EV 97.5 MPH)
|
| Bottom of the 2nd over - 0 runs, 0 hits, 0 errors, 2 left on base; Fresno 0 - Scranton WB 0 |
| TOP OF THE 3RD |
|
Fresno Grizzlies batting - Pitching for Scranton WB RailRiders : RHP Jason Sterner
|
|
Batting: RHB Yoshitoshi Mori
|
0-0: Called Strike 0-1: Called Strike 0-2: Strikes out swinging, 2-3 out at first.
|
|
Batting: RHB Bruce Bermudez
|
0-0: Called Strike 0-1: Swinging Strike 0-2: Foul Ball, location: 2F 0-2: Ball 1-2: Foul Ball, location: 2F 1-2: Foul Ball, location: 2F 1-2: Ground out 6-3 (Groundball, 6, EV 80.0 MPH)
|
|
Batting: LHB Chris Cabrera
|
0-0: Ground out 1-3 (Groundball, 15S, EV 65.6 MPH)
|
| Top of the 3rd over - 0 runs, 0 hits, 0 errors, 0 left on base; Fresno 0 - Scranton WB 0 |
| BOTTOM OF THE 3RD |
|
Scranton WB RailRiders batting - Pitching for Fresno Grizzlies : RHP Muckle Wildriver
|
|
Batting: SHB Jay Gagnon
|
0-0: Ball 1-0: Called Strike 1-1: Foul Ball, location: 2F 1-2: Strikes out swinging
|
|
Batting: RHB Andy Wasierski
|
0-0: Ball 1-0: Ground out 5-3 (Groundball, 56S, EV 93.8 MPH)
|
|
Batting: SHB Victor Ruiz
|
0-0: Ball 1-0: Swinging Strike 1-1: Called Strike 1-2: Ball 2-2: Ball 3-2: Strikes out swinging
|
| Bottom of the 3rd over - 0 runs, 0 hits, 0 errors, 0 left on base; Fresno 0 - Scranton WB 0 |
| TOP OF THE 4TH |
|
Fresno Grizzlies batting - Pitching for Scranton WB RailRiders : RHP Jason Sterner
|
|
Batting: RHB Etsuro Hosokawa
|
0-0: Ball 1-0: Ball 2-0: Foul Ball, location: 2F 2-1: Foul Ball, location: 2F 2-2: Reached via error on a dropped throw from 1B, E1 (Groundball, 34, EV 96.9 MPH)
|
|
Batting: RHB Ramon Castellon
|
0-0: Ball 1-0: Foul Ball, location: 2F 1-1: Swinging Strike 1-2: Strikes out swinging
|
|
Batting: LHB Danny Wolver
|
0-0: Foul Ball, location: 2F 0-1: Called Strike Etsuro Hosokawa is caught stealing 2nd base 2-6 0-2: Strikes out swinging
|
| Top of the 4th over - 0 runs, 0 hits, 1 error, 0 left on base; Fresno 0 - Scranton WB 0 |
| BOTTOM OF THE 4TH |
|
Scranton WB RailRiders batting - Pitching for Fresno Grizzlies : RHP Muckle Wildriver
|
|
Batting: LHB Aaron Joyner
|
0-0: Ball 1-0: Called Strike 1-1: Ball 2-1: Ball 3-1: Foul Ball, location: 2F 3-2: Strikes out swinging
|
|
Batting: RHB Devon Utley
|
0-0: Ball 1-0: Ball 2-0: Called Strike 2-1: Ball 3-1: Called Strike 3-2: Base on Balls
|
|
Batting: SHB Joe Fure
|
0-0: Called Strike Devon Utley steals 2nd base 0-1: Ball 1-1: Called Strike 1-2: Ball 2-2: Foul Ball, location: 2F 2-2: Ball 3-2: Foul Ball, location: 2F 3-2: Base on Balls
|
|
Batting: RHB Mike Gifford
|
0-0: Called Strike 0-1: Fly out, F8 (Flyball, 8RM, EV 92.5 MPH)
|
|
Batting: RHB Josh Zoglmann
|
0-0: Called Strike 0-1: Ball 1-1: Ball 2-1: Swinging Strike 2-2: Ball 3-2: Ground out 6-3 (Groundball, 6, EV 105.0 MPH)
|
| Bottom of the 4th over - 0 runs, 0 hits, 0 errors, 2 left on base; Fresno 0 - Scranton WB 0 |
| TOP OF THE 5TH |
|
Fresno Grizzlies batting - Pitching for Scranton WB RailRiders : RHP Jason Sterner
|
|
Batting: LHB Mark Dearth
|
0-0: Foul Ball, location: 2F 0-1: Ground out U3 (Groundball, 3S, EV 91.2 MPH)
|
|
Batting: LHB Bob Govella
|
0-0: Ball 1-0: Foul Ball, location: 2F 1-1: Ball 2-1: Foul Ball, location: 2F 2-2: Ball 3-2: Foul Ball, location: 2F 3-2: Foul Ball, location: 2F 3-2: Ground out U3 (Groundball, 3, EV 79.4 MPH)
|
|
Batting: RHB Cameron Rattenbury
|
0-0: Ball 1-0: Ball 2-0: Foul Ball, location: 2F 2-1: Foul Ball, location: 2F 2-2: Foul Ball, location: 2F 2-2: Foul Ball, location: 2F 2-2: Foul Ball, location: 2F 2-2: Foul Ball, location: 2F 2-2: Foul Ball, location: 2F 2-2: Foul Ball, location: 2F 2-2: Hit by Pitch
|
|
Batting: RHB Yoshitoshi Mori
|
0-0: Ball 1-0: Foul Ball, location: 2F 1-1: Fly out, F8 (Flyball, 89D, EV 111.9 MPH)
|
| Top of the 5th over - 0 runs, 0 hits, 0 errors, 1 left on base; Fresno 0 - Scranton WB 0 |
| BOTTOM OF THE 5TH |
|
Scranton WB RailRiders batting - Pitching for Fresno Grizzlies : RHP Muckle Wildriver
|
|
Batting: RHB Mike Plugge
|
0-0: Ball 1-0: Foul Ball, location: 2F 1-1: Ball 2-1: Ball 3-1: Foul Ball, location: 2F 3-2: Strikes out looking
|
|
Batting: SHB Jay Gagnon
|
0-0: Ground out 4-3 (Groundball, 34, EV 88.8 MPH)
|
|
Batting: RHB Andy Wasierski
|
0-0: Ball 1-0: Foul Ball, location: 2F 1-1: Ball 2-1: Ground out 5-3 (Groundball, 56, EV 86.9 MPH)
|
| Bottom of the 5th over - 0 runs, 0 hits, 0 errors, 0 left on base; Fresno 0 - Scranton WB 0 |
| TOP OF THE 6TH |
|
Fresno Grizzlies batting - Pitching for Scranton WB RailRiders : RHP Jason Sterner
|
|
Batting: RHB Bruce Bermudez
|
0-0: Ball 1-0: Called Strike 1-1: Reached on error, E1 (Groundball, 13S, EV 66.9 MPH)
|
|
Batting: LHB Chris Cabrera
|
0-0: Ball 1-0: Called Strike Bruce Bermudez steals 2nd base 1-1: Ball 2-1: Ball 3-1: Base on Balls
|
|
Batting: RHB Etsuro Hosokawa
|
0-0: Foul Ball, location: 2F 0-1: Ball 1-1: Ball 2-1: Foul Ball, location: 2F 2-2: Ball 3-2: Reached on error, E1 (Groundball, 13S, EV 63.8 MPH) Bruce Bermudez to third Chris Cabrera to second
|
|
Batting: RHB Ramon Castellon
|
0-0: Called Strike 0-1: Swinging Strike 0-2: Foul Ball, location: 2F 0-2: Strikes out swinging
|
|
Batting: LHB Danny Wolver
|
0-0: SINGLE (Groundball, 6MD, EV 99.4 MPH) Bruce Bermudez scores Chris Cabrera to third Etsuro Hosokawa to second Runner from 3rd tries for Home, SAFE, throw by CF to home
|
|
Batting: LHB Mark Dearth
|
0-0: SINGLE (Groundball, 4MD, EV 109.4 MPH) (infield hit) Etsuro Hosokawa to third Danny Wolver to second
|
|
Batting: LHB Bob Govella
|
0-0: SINGLE (Groundball, 34D, EV 101.9 MPH) Etsuro Hosokawa scores Danny Wolver to third Mark Dearth to second Runner from 3rd tries for Home, SAFE, throw by RF to home
|
|
Batting: RHB Cameron Rattenbury
|
0-0: Foul Ball, location: 2F 0-1: Ball 1-1: Ball 2-1: Ball 3-1: Foul Ball, location: 2F 3-2: Foul Ball, location: 2F 3-2: Strikes out swinging
|
|
Batting: RHB Yoshitoshi Mori
|
0-0: Ball 1-0: Called Strike 1-1: Called Strike 1-2: Ball 2-2: Ball 3-2: Strikes out swinging
|
| Top of the 6th over - 4 runs, 3 hits, 2 errors, 2 left on base; Fresno 4 - Scranton WB 0 |
| BOTTOM OF THE 6TH |
|
Scranton WB RailRiders batting - Pitching for Fresno Grizzlies : RHP Muckle Wildriver
|
|
Pitching: LHP T.J. Westover
|
|
|
Batting: SHB Victor Ruiz
|
0-0: Ball 1-0: Ball 2-0: Called Strike 2-1: Swinging Strike 2-2: Foul Ball, location: 2F 2-2: Ball 3-2: Ground out 5-3 (Groundball, 56S, EV 67.5 MPH)
|
|
Batting: LHB Aaron Joyner
|
0-0: SINGLE (Line Drive, 4MD, EV 101.9 MPH)
|
|
Batting: RHB Devon Utley
|
0-0: Ball 1-0: Ball Aaron Joyner is caught stealing 2nd base 2-4 2-0: Swinging Strike 2-1: Called Strike 2-2: Strikes out swinging
|
| Bottom of the 6th over - 0 runs, 1 hit, 0 errors, 0 left on base; Fresno 4 - Scranton WB 0 |
| TOP OF THE 7TH |
|
Fresno Grizzlies batting - Pitching for Scranton WB RailRiders : RHP Jason Sterner
|
|
Pitching: RHP Leo Gonzales
|
|
|
Batting: RHB Bruce Bermudez
|
0-0: Foul Ball, location: 2F 0-1: Ball 1-1: Ground out 6-3 (Groundball, 6, EV 100.0 MPH)
|
|
Batting: LHB Chris Cabrera
|
0-0: Ball 1-0: Fly out, F9 (Flyball, 9S, EV 93.8 MPH)
|
|
Batting: RHB Etsuro Hosokawa
|
0-0: Swinging Strike 0-1: Ball 1-1: Ball 2-1: Foul Ball, location: 2F 2-2: Foul Ball, location: 2F 2-2: Fly out, F8 (Line Drive, 78M, EV 95.0 MPH)
|
| Top of the 7th over - 0 runs, 0 hits, 0 errors, 0 left on base; Fresno 4 - Scranton WB 0 |
| BOTTOM OF THE 7TH |
|
Scranton WB RailRiders batting - Pitching for Fresno Grizzlies : LHP T.J. Westover
|
|
Batting: SHB Joe Fure
|
0-0: Ball 1-0: Ball 2-0: Swinging Strike 2-1: Ball 3-1: Called Strike 3-2: Strikes out swinging
|
|
Batting: RHB Mike Gifford
|
0-0: Ball 1-0: Foul Ball, location: 2F 1-1: Swinging Strike 1-2: Foul Ball, location: 2F 1-2: Ball 2-2: Strikes out looking
|
|
Batting: RHB Josh Zoglmann
|
0-0: Ball 1-0: Foul Ball, location: 2F 1-1: Ball 2-1: Ball 3-1: Ground out U3 (Groundball, 3, EV 83.1 MPH)
|
| Bottom of the 7th over - 0 runs, 0 hits, 0 errors, 0 left on base; Fresno 4 - Scranton WB 0 |
| TOP OF THE 8TH |
|
Fresno Grizzlies batting - Pitching for Scranton WB RailRiders : RHP Leo Gonzales
|
|
Batting: RHB Ramon Castellon
|
0-0: Ball 1-0: Called Strike 1-1: Foul Ball, location: 2F 1-2: Strikes out swinging
|
|
Batting: LHB Danny Wolver
|
0-0: Foul Ball, location: 2F 0-1: Foul Ball, location: 2F 0-2: Strikes out swinging
|
|
Batting: LHB Mark Dearth
|
0-0: Called Strike 0-1: Called Strike 0-2: Ground out 5-3 (Groundball, 56, EV 83.8 MPH)
|
| Top of the 8th over - 0 runs, 0 hits, 0 errors, 0 left on base; Fresno 4 - Scranton WB 0 |
| BOTTOM OF THE 8TH |
|
Scranton WB RailRiders batting - Pitching for Fresno Grizzlies : LHP T.J. Westover
|
|
Pitching: RHP Mike Wirick
|
|
|
Batting: RHB Mike Plugge
|
0-0: Ball 1-0: Called Strike 1-1: Swinging Strike 1-2: Strikes out looking
|
|
Batting: SHB Jay Gagnon
|
0-0: Foul Ball, location: 2F 0-1: Foul Ball, location: 2F 0-2: Ball 1-2: Ball 2-2: Strikes out swinging
|
|
Batting: RHB Andy Wasierski
|
0-0: Swinging Strike 0-1: Swinging Strike 0-2: Ball 1-2: Foul Ball, location: 2F 1-2: Fly out, F9 (Flyball, 9D, EV 93.8 MPH)
|
| Bottom of the 8th over - 0 runs, 0 hits, 0 errors, 0 left on base; Fresno 4 - Scranton WB 0 |
| TOP OF THE 9TH |
|
Fresno Grizzlies batting - Pitching for Scranton WB RailRiders : RHP Leo Gonzales
|
|
Batting: LHB Bob Govella
|
0-0: Ball 1-0: Foul Ball, location: 2F 1-1: Called Strike 1-2: Ball 2-2: Ball 3-2: DOUBLE (Groundball, 3L, EV 106.9 MPH)
|
|
Batting: RHB Cameron Rattenbury
|
0-0: Ball 1-0: Called Strike 1-1: Foul Ball, location: 2F 1-2: Strikes out swinging
|
|
Batting: RHB Yoshitoshi Mori
|
0-0: Ball 1-0: Ball Bob Govella is caught stealing 3rd base 2-5 2-0: Ball 3-0: Base on Balls
|
|
Batting: RHB Bruce Bermudez
|
0-0: Foul Ball, location: 2F 0-1: Ball 1-1: Ball 2-1: Foul Ball, location: 2F 2-2: Ball 3-2: Base on Balls Yoshitoshi Mori to second
|
|
Pitching: LHP Jay Turpin
|
|
|
Batting: LHB Chris Cabrera
|
0-0: Fly out, F8 (Flyball, 8LD, EV 101.9 MPH)
|
| Top of the 9th over - 0 runs, 1 hit, 0 errors, 2 left on base; Fresno 4 - Scranton WB 0 |
| BOTTOM OF THE 9TH |
|
Scranton WB RailRiders batting - Pitching for Fresno Grizzlies : RHP Mike Wirick
|
|
Pitching: RHP Bill Couch
|
|
|
Batting: SHB Victor Ruiz
|
0-0: Ball 1-0: Foul Ball, location: 2F 1-1: Ball 2-1: SINGLE (Groundball, 4MD, EV 101.2 MPH)
|
|
Batting: LHB Aaron Joyner
|
0-0: Ball 1-0: SINGLE (Groundball, 34D, EV 103.8 MPH) Victor Ruiz to second
|
|
Batting: RHB Devon Utley
|
0-0: Called Strike 0-1: Ball 1-1: Ground out 5-3 (Groundball, 56S, EV 61.9 MPH) Victor Ruiz to third Aaron Joyner to second
|
|
Batting: SHB Joe Fure
|
0-0: Called Strike 0-1: Ball 1-1: Foul Ball, location: 2F 1-2: Ball 2-2: Strikes out swinging
|
|
Batting: RHB Mike Gifford
|
0-0: Foul Ball, location: 2F 0-1: Ball 1-1: Ball 2-1: Foul Ball, location: 2F 2-2: Ball 3-2: DOUBLE (Flyball, 8LXD, EV 92.5 MPH) Victor Ruiz scores Aaron Joyner scores
|
|
Batting: RHB Josh Zoglmann
|
0-0: Swinging Strike 0-1: Foul Ball, location: 2F 0-2: Ball 1-2: Foul Ball, location: 2F 1-2: Foul Ball, location: 2F 1-2: Strikes out looking
|
| Bottom of the 9th over - 2 runs, 3 hits, 0 errors, 1 left on base; Fresno 4 - Scranton WB 2 |
|